 Dungeon Crawl Stone Soup version 0.28.0-43-g3370ac3207 (webtiles) character file.

Game seed: 10204462272270255328

226 Ablot the Grasshopper (level 6, -2/50 HPs)
             Began as a Gnoll Warper on Mar 3, 2022.
             Slain by a white imp (3 damage)
             ... summoned by Natasha
             ... on level 4 of the Dungeon.
             The game lasted 00:05:09 (4024 turns).

Ablot the Grasshopper (Gnoll Warper)                Turns: 4024, Time: 00:05:11

Health: -2/50      AC:  7    Str: 12    XL:     6   Next: 1%
Magic:  13/13      EV: 13    Int: 13    God:
Gold:   164        SH:  0    Dex: 11    Spells: 13/15 levels left

rFire   . . .      SeeInvis .   a - +0 spear
rCold   . . .      Faith    .   (no shield)
rNeg    . . .      Spirit   .   b - +0 leather armour
rPois   .          Reflect  .   q - +0 helmet
rElec   .          Harm     .   (no cloak)
rCorr   .          Rampage  .   (no gloves)
Will    .....                   k - +2 pair of boots
Stlth   +.........              (no amulet)
HPRegen 0.16/turn               u - ring of wizardry
MPRegen 0.13/turn               (no ring)

@: no status effects
A: fangs 1, strong nose, distributed training
a: no special abilities


You were on level 4 of the Dungeon.
You visited 1 branch of the dungeon, and saw 5 of its levels.

You collected 164 gold pieces.

Inventory:

Hand Weapons
 a - a +0 spear (weapon)
 h - a +0 hunting sling
Missiles
 d - 5 boomerangs of dispersal
 f - 52 bolts
 i - 2 throwing nets
 n - 7 stones
 t - 30 sling bullets
 v - a poisoned dart (quivered)
Armour
 b - a +0 leather armour (worn)
 k - a +2 pair of boots (worn)
 q - a +0 helmet (worn)
Jewellery
 u - a ring of wizardry (left hand)
Scrolls
 c - a scroll of blinking
 e - a scroll of amnesia {unknown}
 g - a scroll of teleportation {unknown}
 j - a scroll of fog {unknown}
 o - 2 scrolls of identify {unknown}
 p - a scroll of brand weapon {unknown}
 s - a scroll of acquirement {unknown}
Potions
 l - a potion of resistance {unknown}
 m - 4 potions of curing {unknown}
 r - a potion of attraction {unknown}


   Skills:
 + Level 4.9 Fighting
 + Level 1.7 Short Blades
 + Level 1.7 Long Blades
 + Level 1.7 Axes
 + Level 1.7 Maces & Flails
 + Level 4.9 Polearms
 + Level 1.7 Staves
 + Level 1.7 Slings
 + Level 1.7 Bows
 + Level 1.7 Crossbows
 + Level 3.1 Throwing
 + Level 3.1 Armour
 + Level 4.9 Dodging
 + Level 1.7 Stealth
 + Level 1.7 Shields
 + Level 1.7 Unarmed Combat
 + Level 5.3 Spellcasting
 + Level 1.3 Conjurations
 + Level 1.3 Hexes
 + Level 1.3 Summonings
 + Level 1.3 Necromancy
 + Level 5.6 Translocations
 + Level 1.3 Transmutations
 + Level 1.3 Fire Magic
 + Level 1.3 Ice Magic
 + Level 1.3 Air Magic
 + Level 1.3 Earth Magic
 + Level 1.3 Poison Magic
 + Level 2.0 Invocations
 + Level 1.7 Evocations


You had 13 spell levels left.
You knew the following spells:

 Your Spells              Type           Power      Damage    Failure   Level
a - Blink                 Tloc           36%        N/A       1%          2

Your spell library contained the following spells:

 Spells                   Type           Power      Damage    Failure   Level
 Apportation              Tloc           36%        N/A       1%          1
 Gell's Gravitas          Tloc           18%        N/A       2%          3
 Lesser Beckoning         Tloc           18%        N/A       2%          3
 Teleport Other           Tloc           18%        N/A       2%          3
 Pain                     Necr           28%        1d5       5%          1
 Ignite Poison            Fire/Tmut/Pois 7%         N/A       16%         3
 Mephitic Cloud           Conj/Pois/Air  7%         N/A       16%         3
 Manifold Assault         Tloc           18%        N/A       26%         5
 Agony                    Necr           7%         N/A       78%         5
 Alistair's Intoxication  Tmut/Pois      4%         N/A       78%         5
 Excruciating Wounds      Necr           3%         N/A       78%         5
 Freezing Cloud           Conj/Ice/Air   3%         6-21      78%         5


Dungeon Overview and Level Annotations

Branches:
Dungeon (5/15)
 Temple: D:4-7

Altars:
Trog

Annotations:
D:3 1 runed translucent door, 1 exclusion
D:4 Grinder, Natasha
D:5 exclusion: water moccasin


Innate Abilities, Weirdness & Mutations

You have very sharp teeth.
Your uncanny sense of smell can sniff out nearby items.
Your experience applies equally to all skills.


Message History

Grinder is heavily wounded.
The crimson imp laughs crazily.
The crimson imp hits you but does no damage.
Grinder hits you!
You writhe in agony.
* * * LOW HITPOINT WARNING * * *
You completely miss Grinder. Your bite misses Grinder.
Grinder is heavily wounded.
The crimson imp hits you.
* * * LOW HITPOINT WARNING * * *
Natasha casts a spell.
Grinder hits you.
* * * LOW HITPOINT WARNING * * *
You writhe in agony.
* * * LOW HITPOINT WARNING * * *
You hit Grinder but do no damage.
Grinder is heavily wounded.
Grinder looks more healthy.
The crimson imp closely misses you. Grinder barely misses you.
You barely miss Grinder.
Grinder is heavily wounded.
The crimson imp hits you but does no damage.
You hit Grinder.
Grinder is severely wounded.
Grinder barely misses you. The crimson imp barely misses you.
You barely miss Grinder.
Grinder is severely wounded.
The crimson imp disappears in a puff of smoke!
Grinder hits you.
* * * LOW HITPOINT WARNING * * *
You writhe in agony.
* * * LOW HITPOINT WARNING * * *
The white imp grinds its teeth.
You closely miss Grinder.
Grinder is severely wounded.
Grinder blinks!
The white imp grinds its teeth.
The white imp hits you.
* * * LOW HITPOINT WARNING * * *
The white imp freezes you.
You die...

#............#
#.###...>...).
... #.#
##.#.....# #.#
#.####.#.....#
#.#
.......##.####
#.# ###.#### .#
#.# #.# .# #.#
#.# #5# #.# #@#
#.# #5# #.# #h#
#.# #### #5# ...
#...5#####.#.###
....h55........#
#.#####.##.###.#
#.##.# #<##.#


You could see Grinder, Natasha and 2 white imps.

Vanquished Creatures
  An iguana (D:4)
  Terence (D:3)
  7 adders
  A worm (D:2)
  2 dart slugs
  9 orcs
  3 bats
  9 endoplasms
  4 giant cockroaches
  10 hobgoblins
  4 jackals (D:1)
  9 quokkas
  5 ball pythons
  4 frilled lizards
  12 goblins
  5 kobolds
  2 rats
88 creatures vanquished.

Vanquished Creatures (others)
  6 plants (D:2)
6 creatures vanquished.

Grand Total: 94 creatures vanquished

Notes
Turn   | Place    | Note
-------+----------+-------------------------------------------
     0 | D:1      | Ablot the Gnoll Warper began the quest for the Orb.
     0 | D:1      | Reached XP level 1. HP: 20/20 MP: 6/6
   119 | D:1      | Reached XP level 2. HP: 22/26 MP: 7/7
   125 | D:1      | Learned a level 2 spell: Blink
   320 | D:1      | Reached XP level 3. HP: 27/31 MP: 9/9
   390 | D:1      | Reached skill level 5 in Spellcasting
   503 | D:1      | Found a faded altar of an unknown god.
   565 | D:1      | Reached skill level 1 in Invocations
   931 | D:2      | Found a bloodstained altar of Trog.
   960 | D:2      | Reached skill level 1 in Short Blades
   960 | D:2      | Reached skill level 1 in Long Blades
   960 | D:2      | Reached skill level 1 in Axes
   960 | D:2      | Reached skill level 1 in Maces & Flails
   960 | D:2      | Reached skill level 1 in Staves
   960 | D:2      | Reached skill level 1 in Slings
   960 | D:2      | Reached skill level 1 in Bows
   960 | D:2      | Reached skill level 1 in Crossbows
   960 | D:2      | Reached skill level 1 in Stealth
   960 | D:2      | Reached skill level 1 in Shields
   960 | D:2      | Reached skill level 1 in Unarmed Combat
   960 | D:2      | Reached skill level 1 in Evocations
  1069 | D:2      | Reached XP level 4. HP: 38/38 MP: 11/11
  1653 | D:3      | Reached skill level 1 in Conjurations
  1653 | D:3      | Reached skill level 1 in Hexes
  1653 | D:3      | Reached skill level 1 in Summonings
  1653 | D:3      | Reached skill level 1 in Necromancy
  1653 | D:3      | Reached skill level 1 in Transmutations
  1653 | D:3      | Reached skill level 1 in Fire Magic
  1653 | D:3      | Reached skill level 1 in Ice Magic
  1653 | D:3      | Reached skill level 1 in Air Magic
  1653 | D:3      | Reached skill level 1 in Earth Magic
  1653 | D:3      | Reached skill level 1 in Poison Magic
  1920 | D:3      | You fall into a shaft and drop 2 floors!
  1920 | D:5      | Entered Level 5 of the Dungeon
  1947 | D:5      | Noticed a water moccasin
  1971 | D:5      | Noticed a lemure
  1972 | D:5      | Noticed a lemure
  2044 | D:4      | Reached XP level 5. HP: 9/43 MP: 9/12
  2552 | D:4      | Noticed Grinder
  2995 | D:3      | Found a runed translucent door.
  3233 | D:3      | Noticed Terence
  3267 | D:3      | Killed Terence
  3661 | D:3      | Reached XP level 6. HP: 44/50 MP: 13/13
  3888 | D:4      | Noticed a necrophage
  3999 | D:4      | Noticed Natasha
  4005 | D:4      | Paralysed by Grinder for 3 turns
  4024 | D:4      | HP: 1/50 [white imp[Natasha] (3)]
  4024 | D:4      | Slain by a white imp

Illustrated notes

Levels and vault maps discovered:
D:1:      dpeg_arrival_windows_large_door, layout_basic,
          chequers_ecumenical_altar_twisty
D:2:      wad_woods_stonehenge, layout_loops_ring, hangedman_decor_growths
D:3:      minmay_chambers_of_threes, layout_basic, small_statue_intersection,
          uniq_terence, uniq_crazy_yiuf_cottage
D:4:      layout_loops_ring, uniq_grinder, uniq_natasha
D:5:      layout_layer_cave, minmay_lizard_king, uniq_pikel

Skill      XL: |  1  2  3  4  5  6 |
---------------+-------------------+-----
Spellcasting   | 5 |  5.3
Invocations    | 1 2 |  2.0
Short Blades   | 1 |  1.7
Long Blades    | 1 |  1.7
Axes           | 1 |  1.7
Maces & Flails | 1 |  1.7
Staves         | 1 |  1.7
Slings         | 1 |  1.7
Bows           | 1 |  1.7
Crossbows      | 1 |  1.7
Stealth        | 1 |  1.7
Shields        | 1 |  1.7
Unarmed Combat | 1 |  1.7
Evocations     | 1 |  1.7
Conjurations   | 1 |  1.3
Hexes          | 1 |  1.3
Summonings     | 1 |  1.3
Necromancy     | 1 |  1.3
Transmutations | 1 |  1.3
Fire Magic     | 1 |  1.3
Ice Magic      | 1 |  1.3
Air Magic      | 1 |  1.3
Earth Magic    | 1 |  1.3
Poison Magic   | 1 |  1.3
Throwing       | 3 |  3.1
Armour         | 3 |  3.1
Fighting       | |  4.9
Polearms       | |  4.9
Dodging        | |  4.9
Translocations | |  5.6

Action                   |  1- 3 |  4- 6 || total
-------------------------+-------+-------++-------
Melee: Spear             |   150 |   283 ||   433
       Bite              |    14 |    33 ||    47
       Punch             |     4 |     5 ||     9
Throw: Stone             |       |     2 ||     2
       Dart              |       |     7 ||     7
 Cast: Blink             |       |     1 ||     1
 Stab: Sleeping          |       |     1 ||     1
Armor: Leather armour    |    28 |    72 ||   100
Dodge: Dodged            |    65 |   134 ||   199
